 Dungeon Crawl Stone Soup version 0.18.1-48-g4cf74bf (webtiles) character file.

10749 Peloso the Blocker (level 11, -1/97 HPs)
             Began as a Minotaur Fighter on Aug 23, 2016.
             Was a High Priest of Okawaru.
             Slain by Snorg (3 damage)
             ... on level 11 of the Dungeon.
             The game lasted 00:24:15 (9258 turns).

Peloso the Blocker (Minotaur Fighter)               Turns: 9258, Time: 00:24:24

Health: -1/97      AC: 24    Str: 22    XL:     11   Next: 40%
Magic:  10/10      EV: 10    Int:  5    God:    Okawaru [*****.]
Gold:   877        SH:  9    Dex: 12    Spells: 0 memorised, 10 levels left

rFire  . . .     SeeInvis +     c - +1 falchion (holy)
rCold  . . .     Gourm    .     U - +0 plate armour
rNeg   . . .     Faith    .     l - +2 buckler {AC+3}
rPois  .         Spirit   .     (helmet restricted)
rElec  .         Dismiss  .     o - +0 cloak
rCorr  .         Reflect  .     O - +0 pair of gloves
SustAt .         Harm     .     D - +0 pair of boots
MR     .....                    (no amulet)
Stlth  ..........               I - ring of see invisible
                                n - +3 ring of protection

@: not resistant to hostile enchantments, extremely unstealthy
A: retaliatory headbutt, horns 2
a: Heroism, Finesse, Renounce Religion


You were on level 11 of the Dungeon.
You worshipped Okawaru.
Okawaru was extremely pleased with you.
You were not hungry.

You visited 2 branches of the dungeon, and saw 12 of its levels.

You collected 877 gold pieces.

Inventory:

Hand Weapons
 a - a +1 long sword
 c - a +1 falchion of holy wrath (weapon)
 K - the +9 broad axe "Zahy" {chop, +Fly rF+ rC+}
   (You found it on level 7 of the Dungeon)

   It inflicts extra damage upon your enemies.
   It protects you from fire.
   It protects you from cold.
   It lets you fly.
Armour
 l - a +2 buckler of protection (worn)
 o - a +0 cloak (worn)
 D - a +0 pair of boots (worn)
 O - a +0 pair of gloves (worn)
 U - a +0 plate armour (worn)
Jewellery
 n - a +3 ring of protection (left hand)
 t - an uncursed ring of resist corrosion
 u - an uncursed amulet of guardian spirit {unknown}
 G - an uncursed ring of ice
 I - a ring of see invisible (right hand)
Wands
 q - a wand of digging (8/24)
 A - a wand of flame (16/48)
 B - a wand of lightning (9/15)
 C - a wand of confusion (30/48)
 F - a wand of acid (11/15)
 H - a wand of flame (24/48)
 J - a wand of random effects (22/48)
 M - a wand of paralysis (6/24)
 V - a wand of iceblast (8/15)
Scrolls
 i - 2 scrolls of magic mapping
 j - a scroll of identify
 r - 4 scrolls of remove curse
 v - 3 scrolls of teleportation {unknown}
 w - 4 scrolls of fear
 y - 4 scrolls of recharging {unknown}
 z - 3 scrolls of noise {unknown}
 N - a scroll of brand weapon {unknown}
Potions
 d - 2 potions of might
 e - 2 potions of ambrosia
 g - 4 potions of curing
 s - a potion of berserk rage
 x - 3 potions of resistance
 E - 3 potions of flight
 L - a potion of invisibility
 S - 2 potions of heal wounds
 T - a potion of beneficial mutation {unknown}
 W - a potion of agility {unknown}
Books
 b - Mosiclej's Compendium of the Rocks and Lightness
   (You found it on level 9 of the Dungeon)

   Spells                             Type                      Level
   a - Passwall                       Transmutation/Earth          2
   b - Summon Lightning Spire         Summoning/Air                4
   c - Bolt of Magma                  Conjuration/Fire/Earth       5
   d - Shatter                        Earth                        9
 P - a book of Misfortune

   Spells                             Type                      Level
   a - Confusing Touch                Hexes                        2
   b - Confuse                        Hexes                        3
   c - Gell's Gravitas                Hexes/Translocation          3
   d - Petrify                        Transmutation/Earth          4
   e - Metabolic Englaciation         Hexes/Ice                    5
   f - Yara's Violent Unravelling     Hexes/Transmutation          5
 Q - a book of Death

   Spells                             Type                      Level
   a - Corpse Rot                     Necromancy                   2
   b - Sublimation of Blood           Necromancy                   2
   c - Agony                          Necromancy                   5
   d - Dispel Undead                  Necromancy                   5
   e - Excruciating Wounds            Charms/Necromancy            5
   f - Bolt of Draining               Conjuration/Necromancy       5
Comestibles
 f - 8 bread rations
 h - 5 meat rations
 k - 12 beef jerkies
 p - 3 fruits


   Skills:
 + Level 9.0 Fighting
 + Level 10.6 Long Blades
 + Level 9.7 Armour
 + Level 8.3 Dodging
 + Level 1.0 Stealth
 + Level 11.7 Shields
 + Level 0.2 Invocations


You had 10 spell levels left.
You didn't know any spells.

Dungeon Overview and Level Annotations

Branches:
Dungeon (11/15)            Temple (1/1) D:4            Lair (0/8) D:10
    Orc: D:9-12

Altars:
Ashenzari
Cheibriados
Dithmenos
Elyvilon
Fedhas
Gozag
Kikubaaqudgha
Makhleb
Nemelex Xobeh
Okawaru
Pakellas
Qazlal
Ru
Sif Muna
Trog
Vehumet
Xom
Yredelemnul
Zin
The Shining One

Shops:
D:11 :

Annotations:
D:6 Prince Ribbit
D:11 Snorg


Innate Abilities, Weirdness & Mutations

You reflexively headbutt those who attack you in melee.
You have a pair of horns on your head.


Message History

You closely miss Snorg.
Snorg is lightly wounded.
You block Snorg's attack. Snorg closely misses you.
Snorg claws you but does no damage.
You slash Snorg!
Snorg is moderately wounded.
Snorg bites you!!
* * * LOW HITPOINT WARNING * * *
Snorg claws you!
* * * LOW HITPOINT WARNING * * *
Snorg claws you but does no damage.
Drink which item? (? for menu, Esc to quit)
You feel much better. Snorg bites you!
* * * LOW HITPOINT WARNING * * *
Snorg claws you!
* * * LOW HITPOINT WARNING * * *
Snorg claws you but does no damage. You block the scorpion's attack.
Snorg bites you but does no damage. Snorg claws you but does no damage.
Snorg claws you.
You die...

## ##### . ..... . ....
#..# #..# ###..# #..# .
.....#######..#######...
.........).......s......
.......# #....@T......
####...# #...#######..
####...#####>..#######.
.......................
......<................
.....†.................
#####.........(........
#####..................
...............(.......


You could see Snorg (berserk) and a scorpion.

Vanquished Creatures
  Pikel (D:4)
  2 ugly things
  A deep elf mage (D:9)
  Joseph (D:9)
  Maurice (D:9)
  An elephant (D:10)
  Psyche (D:9)
  The ghost of PossumBlood the Shooter, an amateur HEHu (D:5)
  Sigmund (D:6)
  A shadow (D:10)
  6 yaks (D:10)
  Eustachio (D:5)
  2 wyverns
  2 hippogriffs
  Menkaure (D:6)
  The ghost of RickumRackum the Sneak, an amateur KoAs (D:3)
  Duvessa (D:6)
  2 ice beasts
  4 orc warriors
  2 sky beasts
  2 phantoms (D:10)
  2 wasps
  3 centaurs
  8 necrophages (D:7)
  3 ogres
  2 crocodiles (D:10)
  4 big kobolds
  5 giant frogs
  A gnoll sergeant (D:9)
  Dowan (D:6)
  2 scorpions
  4 wights (D:7)
  6 howler monkeys
  2 vampire bats (D:5)
  5 crimson imps
  4 centaur zombies
  2 quasits
  5 hounds
  3 orc wizards
  A giant frog zombie (D:7)
  4 orc priests
  2 centaur skeletons
  Crazy Yiuf (D:2)
  2 giant frog skeletons
  Ijyb (D:2)
  Terence (D:3)
  8 worker ants
  Natasha (twice) (D:2)
  A mummy (D:7)
  2 hound skeletons (D:5)
  A hound zombie (D:7)
  A worker ant zombie (D:10)
  Robin (D:3)
  17 gnolls
  8 adders
  A shadow imp (D:10)
  2 oozes (D:1)
  An adder zombie (D:8)
  4 worms
  2 dart slugs
  8 giant geckos
  41 orcs
  5 giant cockroaches
  12 goblins
  10 hobgoblins
  17 jackals
  4 quokkas
  A ball python (D:3)
  13 bats
  6 giant newts
  17 kobolds
  A quokka zombie (D:7)
  8 rats
  A fungus (D:2)
304 creatures vanquished.

Vanquished Creatures (others)
  3 fungi (D:10)
  A plant (D:10)
4 creatures vanquished.

Grand Total: 308 creatures vanquished

Notes
Turn   | Place    | Note
--------------------------------------------------------------
     0 | D:1      | Peloso the Minotaur Fighter began the quest for the Orb.
     0 | D:1      | Reached XP level 1. HP: 19/19 MP: 0/0
   116 | D:1      | Reached XP level 2. HP: 20/27 MP: 1/1
   310 | D:1      | Reached skill level 4 in Shields
   597 | D:1      | Reached XP level 3. HP: 33/33 MP: 2/2
  1127 | D:2      | Reached XP level 4. HP: 37/40 MP: 3/3
  1136 | D:2      | Reached skill level 1 in Dodging
  1190 | D:2      | Found a glowing silver altar of Zin.
  1308 | D:2      | Noticed Natasha
  1311 | D:2      | Noticed Ijyb
  1318 | D:2      | Killed Natasha
  1318 | D:2      | Reached XP level 5. HP: 33/46 MP: 4/4
  1339 | D:2      | Killed Ijyb
  1339 | D:2      | Reached skill level 5 in Armour
  1442 | D:2      | Noticed Crazy Yiuf
  1450 | D:2      | Killed Crazy Yiuf
  1450 | D:2      | Reached skill level 5 in Shields
  1466 | D:2      | Noticed Natasha
  1477 | D:2      | HP: 2/46 [Natasha (6)]
  1478 | D:2      | Killed Natasha
  1782 | D:3      | Reached XP level 6. HP: 53/53 MP: 5/5
  1840 | D:3      | Noticed Robin
  1853 | D:3      | Killed Robin
  2081 | D:3      | Noticed RickumRackum's ghost (amateur KoAs)
  2110 | D:3      | Noticed Terence
  2126 | D:3      | Killed RickumRackum's ghost
  2131 | D:3      | Killed Terence
  2131 | D:3      | Reached XP level 7. HP: 14/60 MP: 6/6
  2712 | D:4      | Noticed Pikel
  2732 | D:4      | Killed Pikel
  2732 | D:4      | Reached skill level 5 in Fighting
  2732 | D:4      | Reached skill level 5 in Long Blades
  2732 | D:4      | Reached skill level 6 in Shields
  2732 | D:4      | Reached XP level 8. HP: 60/68 MP: 7/7
  2736 | D:4      | Found a white marble altar of Elyvilon.
  2984 | D:4      | Found a staircase to the Ecumenical Temple.
  2994 | Temple   | Entered the Ecumenical Temple
  3028 | Temple   | Became a worshipper of Warmaster Okawaru
  3384 | D:5      | Entered Level 5 of the Dungeon
  3385 | D:5      | Noticed Eustachio
  3420 | D:5      | Killed Eustachio
  3420 | D:5      | Reached skill level 5 in Dodging
  3420 | D:5      | Reached skill level 7 in Shields
  3441 | D:5      | Noticed PossumBlood's ghost (amateur HEHu)
  3474 | D:5      | Killed PossumBlood's ghost
  3713 | D:5      | Reached * piety under Okawaru
  3796 | D:5      | Found a sacrificial altar of Ru.
  3874 | D:5      | Found a stormy altar of Qazlal.
  3938 | D:5      | Reached XP level 9. HP: 73/75 MP: 8/8
  4274 | D:6      | Noticed Sigmund
  4292 | D:6      | Killed Sigmund
  4292 | D:6      | Reached skill level 8 in Shields
  4645 | D:6      | Noticed Prince Ribbit
  4712 | D:6      | Noticed Menkaure
  4721 | D:6      | Killed Menkaure
  4721 | D:6      | Reached ** piety under Okawaru
  4945 | D:6      | Noticed Dowan
  4948 | D:6      | Noticed Duvessa
  4961 | D:6      | Killed Duvessa
  4964 | D:6      | Killed Dowan
  5062 | D:7      | Found an opulent altar of Gozag.
  5085 | D:7      | Reached skill level 9 in Shields
  5098 | D:7      | Got a polished broad axe
  5142 | D:7      | Identified the +9 broad axe "Zahy" {chop, +Fly rF+ rC+} (You found it on level 7 of the Dungeon)
  5284 | D:7      | Reached *** piety under Okawaru
  5515 | D:7      | Found a shadowy altar of Dithmenos.
  5580 | D:7      | Reached XP level 10. HP: 86/86 MP: 9/9
  5651 | D:7      | Reached skill level 1 in Stealth
  6010 | D:8      | Found a sparkling altar of Nemelex Xobeh.
  6584 | D:8      | Found a burning altar of Makhleb.
  6584 | D:8      | Noticed a blizzard demon
  6629 | D:9      | Reached skill level 10 in Shields
  6696 | D:9      | Noticed Maurice
  6708 | D:9      | Killed Maurice
  6708 | D:9      | Reached **** piety under Okawaru
  6996 | D:9      | Noticed Joseph
  7016 | D:9      | Killed Joseph
  7175 | D:9      | Noticed Psyche
  7187 | D:9      | Killed Psyche
  7234 | D:9      | Identified Mosiclej's Compendium of the Rocks and Lightness
  7277 | D:9      | Noticed a deep elf mage
  7295 | D:9      | Noticed a soul eater
  7299 | D:9      | Killed a deep elf mage
  7299 | D:9      | Reached ***** piety under Okawaru
  7299 | D:9      | Reached skill level 11 in Shields
  7768 | D:10     | Entered Level 10 of the Dungeon
  8002 | D:10     | Found a staircase to the Lair.
  8002 | D:10     | Noticed an elephant
  8025 | D:10     | Reached XP level 11. HP: 93/95 MP: 6/10
  8058 | D:10     | Reached skill level 10 in Long Blades
  8061 | D:10     | Received a gift from Okawaru
  8686 | D:11     | Noticed a red ugly thing
  8704 | D:11     | Killed a red ugly thing
  8957 | D:11     | Noticed a cyan ugly thing
  8962 | D:11     | Found Cafasyto's Book Shoppe.
  9116 | D:10     | Killed a cyan ugly thing
  9246 | D:11     | Noticed Snorg
  9257 | D:11     | HP: 2/97 [Snorg (16)]
  9258 | D:11     | Slain by Snorg

Skill      XL: |  1  2  3  4  5  6  7  8  9 10 11 |
---------------+----------------------------------+-----
Armour         | 4 5 6 7 8 9 |  9.7
Shields        | 4 5 6 7 9 11 | 11.7
Fighting       | 4 5 6 7 8 9 |  9.0
Long Blades    | 3 4 5 6 8 9 10 | 10.6
Dodging        | 1 2 3 4 5 7 8 |  8.3
Stealth        | 1 |  1.0
Invocations    | |  0.2

Action                   |  1- 3 |  4- 6 |  7- 9 | 10-12 || total
-------------------------+-------+-------+-------+-------++-------
Melee: Long sword        |   119 |   154 |   444 |   471 ||  1188
       Headbutt          |    18 |    21 |    90 |   107 ||   236
       Falchion          |       |       |       |    70 ||    70
Invok: Heroism           |       |       |       |     4 ||     4
  Use: Scroll            |       |     4 |     2 |    10 ||    16
       Potion            |       |     1 |     2 |     2 ||     5
  Eat: Chunk             |     1 |     3 |    12 |    13 ||    29
Armor: Scale mail        |    69 |    72 |   176 |    46 ||   363
       Plate armour      |       |       |       |   204 ||   204
Dodge: Dodged            |    33 |    58 |   187 |   196 ||   474
Block: Shield            |    94 |    91 |   297 |   165 ||   647
       Buckler           |       |       |       |   133 ||   133
